 Dungeon Crawl Stone Soup version 0.21.0-24-g2553a33 (webtiles) character file.

64 Vosmos the Conjurer (level 3, -13/19 HPs)
             Began as a Deep Elf Conjurer on Jan 21, 2018.
             Mangled by Crazy Yiuf
             ... wielding a +4 quarterstaff of chaos
              (14 damage)
             ... on level 2 of the Dungeon.
             The game lasted 00:17:25 (1873 turns).

Vosmos the Conjurer (Deep Elf Conjurer)             Turns: 1873, Time: 00:17:26

Health: -13/19     AC:  2    Str:  5    XL:     3   Next: 91%
Magic:  9/9        EV: 13    Int: 20    God:
Gold:   79         SH:  0    Dex: 15    Spells: 5/8 levels left

rFire    . . .     SeeInvis .   d - +2 short sword (flame)
rCold    . . .     Gourm    .   (no shield)
rNeg     . . .     Faith    .   a - +0 robe
rPois    .         Spirit   .   (no helmet)
rElec    .         Reflect  .   (no cloak)
rCorr    .         Harm     .   (no gloves)
MR       .....                  (no boots)
Stlth    ++........             (no amulet)
HPRegen  0.06/turn              (no ring)
MPRegen  0.11/turn              (no ring)

@: flying
A: no striking features
a: no special abilities


You were on level 2 of the Dungeon.
You were not hungry.

You visited 1 branch of the dungeon, and saw 2 of its levels.

You collected 79 gold pieces.

Inventory:

Hand Weapons
 d - a +2 short sword of flaming (weapon)
 k - a +0 dagger
 l - a +0 dagger
 n - a +2 dagger of speed
 o - a +0 hunting sling
Missiles
 m - 43 stones (quivered)
Armour
 a - a +0 robe (worn)
Scrolls
 e - a scroll of enchant weapon {unknown}
 g - 4 scrolls of amnesia
 h - 3 scrolls of identify {unknown}
 j - 2 scrolls of remove curse {unknown}
 q - a scroll of random uselessness {unknown}
 r - a scroll of fog {unknown}
Potions
 f - a potion of flight
 i - a potion of lignification {unknown}
Books
 b - a book of Conjurations

   Spells                             Type                      Level
   a - Magic Dart                     Conjuration                  1
   b - Searing Ray                    Conjuration                  2
   c - Dazzling Spray                 Conjuration/Hexes            3
   d - Fulminant Prism                Conjuration/Hexes            4
   e - Force Lance                    Conjuration/Translocation    4
   f - Iskenderun's Mystic Blast      Conjuration                  4
Comestibles
 c - 3 rations


   Skills:
 + Level 2.8 Dodging
 + Level 2.8 Stealth
 + Level 3.4 Spellcasting
 + Level 5.6 Conjurations


You had 5 spell levels left.
You knew the following spells:

 Your Spells              Type           Power        Failure   Level  Hunger
a - Magic Dart            Conj           ####         1%          1    None
b - Searing Ray           Conj           ####..       1%          2    ##.....


Dungeon Overview and Level Annotations

Branches:
Dungeon (2/15)

Altars:

Annotations:
D:2 Crazy Yiuf


Message History

It was a potion of flight.
You feel very buoyant.
You fly up into the air.
Crazy Yiuf grits, "Race leg Xom!"
Crazy Yiuf hits you with a quarterstaff of chaos!
Crazy Yiuf freezes you.
Crazy Yiuf screams, "Ice tired poople!"
As you read the scroll labeled UFYCZE NAAVU, it crumbles to dust.
It is a scroll of amnesia.
Your memory of Dazzling Spray unravels.
Crazy Yiuf twirls on the spot.
Crazy Yiuf hits you with a quarterstaff of chaos!
* * * LOW HITPOINT WARNING * * *
Crazy Yiuf burns you.
* * * LOW HITPOINT WARNING * * *
You hit Crazy Yiuf but do no damage. Crazy Yiuf barely misses you.
You hit Crazy Yiuf but do no damage.
Crazy Yiuf hits you with a quarterstaff of chaos!
Ouch! That really hurt!
You die...

#..# #..........#.#
#.## #..........#..
#..####..........##.
##..................
#######..>.........
######.........###
#..............#
#.####......(..# #@#
########### #g# #.#
#.##### ### #.....##
###..)#
#....PP####g'...#
##....P.#..##...#
##....#.### ###
########


You could see Crazy Yiuf.

Vanquished Creatures
  2 adders (D:2)
  An ooze (D:1)
  A worm (D:2)
  2 leopard geckos (D:1)
  2 giant cockroaches
  5 goblins
  4 hobgoblins
  3 jackals (D:2)
  6 kobolds
  5 bats
  3 frilled lizards
  5 rats
39 creatures vanquished.

Notes
Turn   | Place    | Note
-------+----------+-------------------------------------------
     0 | D:1      | Vosmos the Deep Elf Conjurer began the quest for the Orb.
     0 | D:1      | Reached XP level 1. HP: 10/10 MP: 6/6
   177 | D:1      | Reached XP level 2. HP: 15/15 MP: 4/8
   181 | D:1      | Learned a level 2 spell: Searing Ray
   381 | D:1      | Reached skill level 5 in Conjurations
   844 | D:2      | Reached XP level 3. HP: 19/19 MP: 4/9
   921 | D:2      | Learned a level 3 spell: Dazzling Spray
  1847 | D:2      | Found a runed door.
  1851 | D:2      | Noticed Crazy Yiuf
  1873 | D:2      | Mangled by Crazy Yiuf

Skill      XL: |  1  2 |
---------------+-------+-----
Conjurations   | 5 |  5.6
Dodging        | |  2.8
Stealth        | |  2.8
Spellcasting   | |  3.4

Action                   || total
-------------------------++-------
Melee: Short sword       ||     6
 Cast: Magic Dart        ||    53
       Searing Ray       ||    11
  Use: Scroll            ||     1
       Potion            ||     1
  Eat: Chunk             ||     3
Armor: Robe              ||     2
Dodge: Dodged            ||    11
